TOP OF THE 1ST |
Vanderbilt Commodores batting - Pitching for South Florida Bulls : RHP Albert Bythell
|
Pitching: RHP Albert Bythell
|
|
Batting: LHB Doyle Price
|
0-0: Called Strike 0-1: Ball 1-1: Ball 2-1: Ball 3-1: Ground out 4-3 (Groundball, 4M)
|
Batting: LHB Gerald Murphy
|
0-0: Called Strike 0-1: Ball 1-1: Ball 2-1: Ball 3-1: Base on Balls
|
Batting: LHB Luis Miguel Martínez
|
0-0: Ball 1-0: Ball 2-0: Ball 3-0: Called Strike 3-1: DOUBLE (Line Drive, 89M) Gerald Murphy to third
|
Batting: RHB Denis Miller
|
0-0: Ball 1-0: Ball 2-0: Foul Ball, location: 2F 2-1: Ball 3-1: Called Strike 3-2: Base on Balls
|
Batting: RHB Greg Scott
|
0-0: Called Strike 0-1: Ball 1-1: Ball 2-1: Ball 3-1: Swinging Strike 3-2: Grounds into double play, 6-4-3 (Groundball, 6)
|
Top of the 1st over - 0 run(s), 1 hit(s), 0 error(s), 2 left on base; Vanderbilt 0 - South Florida 0 |
BOTTOM OF THE 1ST |
South Florida Bulls batting - Pitching for Vanderbilt Commodores : RHP Jon Holmes
|
Pitching: RHP Jon Holmes
|
|
Batting: RHB Ronnie Rogers
|
0-0: SINGLE (Groundball, 4MD)
|
Batting: LHB Don Glassman
|
0-0: Ball 1-0: Ball 2-0: Called Strike 2-1: Ball 3-1: Foul Ball, location: 2F 3-2: Fly out, F8 (Flyball, 78M)
|
Batting: RHB Víctor Pérez
|
0-0: Foul Ball, location: 2F 0-1: Ball 1-1: Ball 2-1: Foul Ball, location: 2F 2-2: Foul Ball, location: 2F 2-2: Strikes out swinging
|
Batting: LHB Bill McHone
|
0-0: Ball Ronnie Rogers steals 2nd base 1-0: Ball 2-0: Ball 3-0: Called Strike 3-1: Swinging Strike 3-2: Fly out, F8 (Flyball, 8LM)
|
Bottom of the 1st over - 0 run(s), 1 hit(s), 0 error(s), 1 left on base; Vanderbilt 0 - South Florida 0 |
TOP OF THE 2ND |
Vanderbilt Commodores batting - Pitching for South Florida Bulls : RHP Albert Bythell
|
Batting: RHB Todd Weeks
|
0-0: Called Strike 0-1: Called Strike 0-2: Foul Ball, location: 2F 0-2: Foul Ball, location: 2F 0-2: Fly out, F7 (Flyball, 7)
|
Batting: RHB Jon Downs
|
0-0: Called Strike 0-1: Ball 1-1: Swinging Strike 1-2: Fly out, F5 (Popup, 56)
|
Batting: RHB Jim Harris
|
0-0: Swinging Strike 0-1: Ball 1-1: Foul Ball, location: 2F 1-2: Strikes out looking
|
Top of the 2nd over - 0 run(s), 0 hit(s), 0 error(s), 0 left on base; Vanderbilt 0 - South Florida 0 |
BOTTOM OF THE 2ND |
South Florida Bulls batting - Pitching for Vanderbilt Commodores : RHP Jon Holmes
|
Batting: RHB Jordan Ashby
|
0-0: Called Strike 0-1: Ball 1-1: DOUBLE (Line Drive, 8LM)
|
Batting: LHB Roland Nelson
|
0-0: Ball 1-0: Ball 2-0: SINGLE (Groundball, 34) (infield hit) Jordan Ashby to third
|
Batting: RHB John Russell
|
0-0: DOUBLE (Line Drive, 78M) Jordan Ashby scores Roland Nelson to third Runner from 3rd tries for Home, SAFE, no throw
|
Batting: LHB Martin Ortíz
|
0-0: Ball 1-0: Swinging Strike 1-1: Foul Ball, location: 2F 1-2: Ball 2-2: Foul Ball, location: 2F 2-2: Foul Ball, location: 2F 2-2: Fly out, F8 (Flyball, 8RS)
|
Batting: SHB Troy Holland
|
0-0: Ball John Russell is caught stealing 3rd base 1-0: Called Strike 1-1: Foul Ball, location: 2F 1-2: Ball 2-2: DOUBLE (Groundball, 3L)
|
Batting: RHB Ronnie Rogers
|
0-0: Swinging Strike 0-1: Swinging Strike 0-2: Ball 1-2: Ball 2-2: Strikes out looking
|
Bottom of the 2nd over - 2 run(s), 4 hit(s), 0 error(s), 1 left on base; Vanderbilt 0 - South Florida 2 |
TOP OF THE 3RD |
Vanderbilt Commodores batting - Pitching for South Florida Bulls : RHP Albert Bythell
|
Batting: RHB Eugene Logan
|
0-0: Swinging Strike 0-1: Swinging Strike 0-2: Strikes out swinging
|
Batting: LHB Doyle Price
|
0-0: Called Strike 0-1: Foul Ball, location: 2F 0-2: Ball 1-2: Strikes out looking
|
Batting: LHB Gerald Murphy
|
0-0: Called Strike 0-1: Fly out, F5 (Popup, 5L)
|
Top of the 3rd over - 0 run(s), 0 hit(s), 0 error(s), 0 left on base; Vanderbilt 0 - South Florida 2 |
BOTTOM OF THE 3RD |
South Florida Bulls batting - Pitching for Vanderbilt Commodores : RHP Jon Holmes
|
Batting: LHB Don Glassman
|
0-0: Ball 1-0: Ball 2-0: Foul Ball, location: 2F 2-1: Fly out, F8 (Flyball, 8LD)
|
Batting: RHB Víctor Pérez
|
0-0: Reached on error, E6 (Groundball, 6M)
|
Batting: LHB Bill McHone
|
0-0: Ball 1-0: Ball 2-0: Called Strike 2-1: 2-RUN HOME RUN (Flyball, 7LD), Distance : 323 ft
|
Batting: RHB Jordan Ashby
|
0-0: Called Strike 0-1: Fly out, F8 (Flyball, 8LXD)
|
Batting: LHB Roland Nelson
|
0-0: Fly out, F4 (Popup, 3D)
|
Bottom of the 3rd over - 2 run(s), 1 hit(s), 1 error(s), 0 left on base; Vanderbilt 0 - South Florida 4 |
TOP OF THE 4TH |
Vanderbilt Commodores batting - Pitching for South Florida Bulls : RHP Albert Bythell
|
Batting: LHB Luis Miguel Martínez
|
0-0: Ball 1-0: Called Strike 1-1: SINGLE (Groundball, 34D)
|
Batting: RHB Denis Miller
|
0-0: Called Strike 0-1: Ball 1-1: Ball 2-1: Foul Ball, location: 2F 2-2: Reached on error, E6 (Groundball, 6) Luis Miguel Martínez to second
|
Batting: RHB Greg Scott
|
0-0: Ball 1-0: Foul Ball, location: 2F 1-1: Foul Ball, location: 2F 1-2: Ball 2-2: Strikes out looking
|
Batting: RHB Todd Weeks
|
0-0: Fly out, F9 (Flyball, 89M)
|
Batting: RHB Jon Downs
|
0-0: SINGLE (Flyball, 8RS) Luis Miguel Martínez to third Denis Miller to second Runner from 3rd tries for Home, throw and OUT!
|
Top of the 4th over - 0 run(s), 2 hit(s), 1 error(s), 2 left on base; Vanderbilt 0 - South Florida 4 |
BOTTOM OF THE 4TH |
South Florida Bulls batting - Pitching for Vanderbilt Commodores : RHP Jon Holmes
|
Batting: RHB John Russell
|
0-0: Foul Ball, location: 2F 0-1: Ball 1-1: Called Strike 1-2: DOUBLE (Line Drive, 89M)
|
Batting: LHB Martin Ortíz
|
0-0: Called Strike 0-1: Swinging Strike 0-2: Strikes out swinging
|
Batting: SHB Troy Holland
|
0-0: Called Strike 0-1: Ball 1-1: Foul Ball, location: 2F 1-2: Strikes out swinging
|
Batting: RHB Ronnie Rogers
|
0-0: Fly out, F3 (Popup, 3L)
|
Bottom of the 4th over - 0 run(s), 1 hit(s), 0 error(s), 1 left on base; Vanderbilt 0 - South Florida 4 |
TOP OF THE 5TH |
Vanderbilt Commodores batting - Pitching for South Florida Bulls : RHP Albert Bythell
|
Batting: RHB Jim Harris
|
0-0: Called Strike 0-1: Called Strike 0-2: Fly out, F5 (Popup, 5S)
|
Batting: RHB Eugene Logan
|
0-0: Ball 1-0: Ball 2-0: Fly out, F9 (Flyball, 9LSF)
|
Batting: LHB Doyle Price
|
0-0: Swinging Strike 0-1: Fly out, F5 (Line Drive, 5L)
|
Top of the 5th over - 0 run(s), 0 hit(s), 0 error(s), 0 left on base; Vanderbilt 0 - South Florida 4 |
BOTTOM OF THE 5TH |
South Florida Bulls batting - Pitching for Vanderbilt Commodores : RHP Jon Holmes
|
Batting: LHB Don Glassman
|
0-0: Ball 1-0: Ball 2-0: Foul Ball, location: 2F 2-1: Foul Ball, location: 2F 2-2: Ball 3-2: Ground out 4-3 (Groundball, 4)
|
Batting: RHB Víctor Pérez
|
0-0: Ball 1-0: Called Strike 1-1: Ball 2-1: DOUBLE (Line Drive, 7LD)
|
Batting: LHB Bill McHone
|
0-0: Foul Ball, location: 2F 0-1: Ball 1-1: Called Strike 1-2: Ball 2-2: Fly out, F8 (Flyball, 8RM)
|
Pitching: RHP Dan Riley
|
|
Batting: RHB Jordan Ashby
|
Balk! Víctor Pérez to third 0-0: Swinging Strike 0-1: Ball 1-1: Ground out U3 (Groundball, 34)
|
Bottom of the 5th over - 0 run(s), 1 hit(s), 0 error(s), 1 left on base; Vanderbilt 0 - South Florida 4 |
TOP OF THE 6TH |
Vanderbilt Commodores batting - Pitching for South Florida Bulls : RHP Albert Bythell
|
Batting: LHB Gerald Murphy
|
0-0: Hit by Pitch
|
Batting: LHB Luis Miguel Martínez
|
0-0: Ball 1-0: Foul Ball, location: 2F 1-1: Called Strike 1-2: Foul Ball, location: 2F 1-2: Foul Ball, location: 2F 1-2: DOUBLE (Flyball, 78D) Gerald Murphy to third Runner from 3rd tries for Home, SAFE, no throw
|
Batting: RHB Denis Miller
|
0-0: Called Strike 0-1: Foul Ball, location: 2F 0-2: Foul Ball, location: 2F 0-2: Ball 1-2: Foul Ball, location: 2F 1-2: Strikes out swinging
|
Pitching: RHP Steve Logan
|
|
Batting: RHB Greg Scott
|
0-0: Foul Ball, location: 2F 0-1: Fly out, F8 (Flyball, 8LM)
|
Batting: RHB Todd Weeks
|
0-0: Ball 1-0: Called Strike 1-1: Foul Ball, location: 2F 1-2: Strikes out looking
|
Top of the 6th over - 1 run(s), 1 hit(s), 0 error(s), 1 left on base; Vanderbilt 1 - South Florida 4 |
BOTTOM OF THE 6TH |
South Florida Bulls batting - Pitching for Vanderbilt Commodores : RHP Dan Riley
|
Batting: LHB Roland Nelson
|
0-0: Called Strike 0-1: Swinging Strike 0-2: Ball 1-2: Ball 2-2: Foul Ball, location: 2F 2-2: Foul Ball, location: 2F 2-2: Ball 3-2: Foul Ball, location: 2F 3-2: Base on Balls
|
Batting: RHB John Russell
|
0-0: Ball 1-0: Called Strike 1-1: Ball Wild Pitch! Roland Nelson to second 2-1: Ball 3-1: Base on Balls
|
Batting: LHB Martin Ortíz
|
0-0: Ball 1-0: Fielders Choice at 2nd, 4-6 (Groundball, 4) Roland Nelson to third
|
Batting: SHB Troy Holland
|
0-0: Called Strike Martin Ortíz steals 2nd base 0-1: Called Strike 0-2: Ball 1-2: Foul Ball, location: 2F 1-2: Foul Ball, location: 2F 1-2: Ball 2-2: Foul Ball, location: 2F 2-2: SINGLE (Groundball, 34D) Roland Nelson scores Martin Ortíz to third Runner from 3rd tries for Home, SAFE, throw made home Troy Holland to second
|
Pitching: RHP Hank García
|
|
Batting: RHB Ronnie Rogers
|
0-0: Fly out, F7 (Flyball, 7)
|
Batting: LHB Don Glassman
|
0-0: Foul Ball, location: 2F 0-1: Ball 1-1: Foul Ball, location: 2F 1-2: Strikes out swinging
|
Bottom of the 6th over - 2 run(s), 1 hit(s), 0 error(s), 1 left on base; Vanderbilt 1 - South Florida 6 |
TOP OF THE 7TH |
Vanderbilt Commodores batting - Pitching for South Florida Bulls : RHP Steve Logan
|
Batting: RHB Jon Downs
|
0-0: Swinging Strike 0-1: Ground out 6-3 (Groundball, 6)
|
Batting: RHB Jim Harris
|
0-0: Called Strike 0-1: Ball 1-1: Foul Ball, location: 2F 1-2: Foul Ball, location: 2F 1-2: Foul Ball, location: 2F 1-2: Foul Ball, location: 2F 1-2: Strikes out swinging
|
Batting: RHB Eugene Logan
|
0-0: Called Strike 0-1: Ball 1-1: Called Strike 1-2: Strikes out swinging
|
Top of the 7th over - 0 run(s), 0 hit(s), 0 error(s), 0 left on base; Vanderbilt 1 - South Florida 6 |
BOTTOM OF THE 7TH |
South Florida Bulls batting - Pitching for Vanderbilt Commodores : RHP Hank García
|
Batting: RHB Víctor Pérez
|
0-0: Foul Ball, location: 2F 0-1: Ball 1-1: Fly out, F9 (Flyball, 9S)
|
Batting: LHB Bill McHone
|
0-0: Called Strike 0-1: Ball 1-1: Ball 2-1: Foul Ball, location: 2F 2-2: Fly out, F8 (Flyball, 8LM)
|
Batting: RHB Jordan Ashby
|
0-0: Called Strike 0-1: Ball 1-1: Fly out, F7 (Line Drive, 7)
|
Bottom of the 7th over - 0 run(s), 0 hit(s), 0 error(s), 0 left on base; Vanderbilt 1 - South Florida 6 |
TOP OF THE 8TH |
Vanderbilt Commodores batting - Pitching for South Florida Bulls : RHP Steve Logan
|
Batting: LHB Doyle Price
|
0-0: Foul Ball, location: 2F 0-1: Swinging Strike 0-2: Ball 1-2: Foul Ball, location: 2F 1-2: Ball 2-2: Strikes out looking
|
Batting: LHB Gerald Murphy
|
0-0: Called Strike 0-1: Ball 1-1: Ball 2-1: Ball 3-1: Foul Ball, location: 2F 3-2: Base on Balls
|
Batting: LHB Luis Miguel Martínez
|
0-0: Ball 1-0: Fielders Choice at 2nd, 4-6 (Groundball, 4M)
|
Batting: RHB Denis Miller
|
0-0: Foul Ball, location: 2F 0-1: Ground out 6-3 (Groundball, 6S)
|
Top of the 8th over - 0 run(s), 0 hit(s), 0 error(s), 1 left on base; Vanderbilt 1 - South Florida 6 |
BOTTOM OF THE 8TH |
South Florida Bulls batting - Pitching for Vanderbilt Commodores : RHP Hank García
|
Batting: LHB Roland Nelson
|
0-0: Called Strike 0-1: Hit by Pitch
|
Batting: RHB John Russell
|
0-0: Called Strike 0-1: Ball 1-1: Ball 2-1: Foul Ball, location: 2F 2-2: Ball 3-2: Foul Ball, location: 2F 3-2: SINGLE (Groundball, 4MD) Roland Nelson to second Roland Nelson to third
|
Batting: LHB Martin Ortíz
|
0-0: Ball Pickoff Throw to First - Out! 1-0: Foul Ball, location: 2F 1-1: Foul Ball, location: 2F 1-2: Ball 2-2: Strikes out looking
|
Batting: SHB Troy Holland
|
0-0: Called Strike 0-1: Foul Ball, location: 2F 0-2: Ball 1-2: Ball 2-2: Ball 3-2: Base on Balls
|
Batting: RHB Ronnie Rogers
|
0-0: SINGLE (Line Drive, 56D) Roland Nelson scores Troy Holland to second
|
Batting: LHB Don Glassman
|
0-0: Ball 1-0: Ball 2-0: Ball 3-0: Called Strike 3-1: 3-RUN HOME RUN (Flyball, 89D), Distance : 373 ft
|
Pitching: RHP Chris Harris
|
|
Batting: RHB Víctor Pérez
|
0-0: Ball 1-0: Foul Ball, location: 2F 1-1: Reached on error, E4 (Groundball, 4)
|
Batting: LHB Bill McHone
|
0-0: Ball 1-0: Called Strike 1-1: 2-RUN HOME RUN (Flyball, 89XD), Distance : 382 ft
|
Batting: RHB Jordan Ashby
|
0-0: Ground out 6-3 (Groundball, 6)
|
Bottom of the 8th over - 6 run(s), 4 hit(s), 1 error(s), 0 left on base; Vanderbilt 1 - South Florida 12 |
TOP OF THE 9TH |
Vanderbilt Commodores batting - Pitching for South Florida Bulls : RHP Steve Logan
|
Batting: RHB Greg Scott
|
0-0: Called Strike 0-1: Ball 1-1: Ball 2-1: Fly out, F9 (Flyball, 9LS)
|
Batting: RHB Todd Weeks
|
0-0: Ball 1-0: Ball 2-0: SINGLE (Groundball, 6MD)
|
Batting: RHB Jon Downs
|
0-0: Called Strike 0-1: Ball 1-1: Ball 2-1: Ball 3-1: Foul Ball, location: 2F 3-2: Strikes out looking
|
Batting: RHB Jim Harris
|
0-0: Foul Ball, location: 2F 0-1: Ball 1-1: Ball 2-1: Ball 3-1: Called Strike 3-2: Fly out, F8 (Flyball, 8LM)
|
Top of the 9th over - 0 run(s), 1 hit(s), 0 error(s), 1 left on base; Vanderbilt 1 - South Florida 12 |
|